TOP OF THE 1ST |
Pennsylvania State University Nittany Lions batting - Pitching for University of Michigan Wolverines : RHP Danny Arroyo
|
Pitching: RHP Danny Arroyo
|
|
Batting: RHB John Hopkins
|
0-0: Ball 1-0: Ball 2-0: Ball 3-0: Ground out 5-3 (Groundball, 5, EV 100.6 MPH)
|
Batting: RHB Craig Alvarado
|
0-0: Ball 1-0: DOUBLE (Groundball, 5L, EV 110.0 MPH)
|
Batting: RHB Kaoru Hamada
|
0-0: Called Strike 0-1: Ground out 5-3 (Groundball, 5, EV 83.1 MPH)
|
Batting: SHB Glenn Harrison
|
0-0: Ball 1-0: Swinging Strike 1-1: 2-RUN HOME RUN (Flyball, 9LD, EV 97.5 MPH), Distance : 352 ft
|
Batting: RHB Franklin van den Berg
|
0-0: Called Strike 0-1: Swinging Strike 0-2: Strikes out looking
|
Top of the 1st over - 2 runs, 2 hits, 0 errors, 0 left on base; Pennsylvania State University 2 - University of Michigan 0 |
BOTTOM OF THE 1ST |
University of Michigan Wolverines batting - Pitching for Pennsylvania State University Nittany Lions : RHP David Kalinsky
|
Pitching: RHP David Kalinsky
|
|
Batting: RHB Jason Rhodes
|
0-0: Ball 1-0: Called Strike 1-1: Ball 2-1: Ground out 4-3 (Groundball, 13, EV 91.9 MPH)
|
Batting: RHB Jamie Broadhurst
|
0-0: Ground out 4-3 (Groundball, 4, EV 106.2 MPH)
|
Batting: RHB Edwin Nunez
|
0-0: Fly out, F8 (Flyball, 8LD, EV 110.0 MPH)
|
Bottom of the 1st over - 0 runs, 0 hits, 0 errors, 0 left on base; Pennsylvania State University 2 - University of Michigan 0 |
TOP OF THE 2ND |
Pennsylvania State University Nittany Lions batting - Pitching for University of Michigan Wolverines : RHP Danny Arroyo
|
Batting: RHB Mike Smith
|
0-0: Ball 1-0: Called Strike 1-1: Ball 2-1: Ball 3-1: DOUBLE (Flyball, 9LM, EV 107.5 MPH)
|
Batting: RHB Fernando Membreno
|
0-0: Called Strike 0-1: Ball 1-1: Ball 2-1: Called Strike 2-2: Foul Ball, location: 2F 2-2: Strikes out swinging
|
Batting: LHB Elijah Mallandain
|
0-0: Ball 1-0: Ball 2-0: SINGLE (Groundball, 56D, EV 96.2 MPH) Mike Smith to third Runner from 3rd tries for Home, SAFE, throw by LF to home
|
Batting: RHB Jesse Sargent
|
0-0: Ground out 5-3 (Groundball, 56, EV 102.5 MPH) Elijah Mallandain to second
|
Batting: RHB John Hopkins
|
0-0: Fly out, F9 (Line Drive, 89M, EV 91.2 MPH)
|
Top of the 2nd over - 1 run, 2 hits, 0 errors, 1 left on base; Pennsylvania State University 3 - University of Michigan 0 |
BOTTOM OF THE 2ND |
University of Michigan Wolverines batting - Pitching for Pennsylvania State University Nittany Lions : RHP David Kalinsky
|
Batting: RHB Franklin Ortega
|
0-0: Called Strike 0-1: Ball 1-1: Ground out 6-3 (Groundball, 6, EV 88.8 MPH)
|
Batting: LHB Joel Sandoval
|
0-0: Ball 1-0: Foul Ball, location: 2F 1-1: Foul Ball, location: 2F 1-2: Foul Ball, location: 2F 1-2: Ground out 1-3 (Groundball, P, EV 74.4 MPH)
|
Batting: LHB Gabe Morales
|
0-0: Called Strike 0-1: Ball 1-1: Ball 2-1: Foul Ball, location: 2F 2-2: Ball 3-2: Strikes out swinging
|
Bottom of the 2nd over - 0 runs, 0 hits, 0 errors, 0 left on base; Pennsylvania State University 3 - University of Michigan 0 |
TOP OF THE 3RD |
Pennsylvania State University Nittany Lions batting - Pitching for University of Michigan Wolverines : RHP Danny Arroyo
|
Batting: RHB Craig Alvarado
|
0-0: Foul Ball, location: 2F 0-1: Ball 1-1: Foul Ball, location: 2F 1-2: Strikes out looking
|
Batting: RHB Kaoru Hamada
|
0-0: Ball 1-0: Ball 2-0: Called Strike 2-1: Called Strike 2-2: Fly out, F9 (Flyball, 9D, EV 88.1 MPH)
|
Batting: SHB Glenn Harrison
|
0-0: Called Strike 0-1: Fly out, F8 (Flyball, 8LXD, EV 108.8 MPH)
|
Top of the 3rd over - 0 runs, 0 hits, 0 errors, 0 left on base; Pennsylvania State University 3 - University of Michigan 0 |
BOTTOM OF THE 3RD |
University of Michigan Wolverines batting - Pitching for Pennsylvania State University Nittany Lions : RHP David Kalinsky
|
Batting: RHB Esteban Rangel
|
0-0: Ground out 4-3 (Groundball, 34, EV 104.4 MPH)
|
Batting: RHB Wei-fang Ping
|
0-0: Ball 1-0: Ball 2-0: Swinging Strike 2-1: Called Strike 2-2: Foul Ball, location: 2F 2-2: Foul Ball, location: 2F 2-2: Strikes out swinging, 2-3 out at first.
|
Batting: RHB Glen Limeburner
|
0-0: Ball 1-0: Ball 2-0: Ball 3-0: Called Strike 3-1: Foul Ball, location: 2F 3-2: Fly out, F7 (Flyball, 7S, EV 83.8 MPH)
|
Bottom of the 3rd over - 0 runs, 0 hits, 0 errors, 0 left on base; Pennsylvania State University 3 - University of Michigan 0 |
TOP OF THE 4TH |
Pennsylvania State University Nittany Lions batting - Pitching for University of Michigan Wolverines : RHP Danny Arroyo
|
Batting: RHB Franklin van den Berg
|
0-0: Ball 1-0: Ball 2-0: Called Strike 2-1: Ball 3-1: Ground out 6-3 (Groundball, 6MS, EV 83.1 MPH)
|
Batting: RHB Mike Smith
|
0-0: Ball 1-0: Foul Ball, location: 2F 1-1: Foul Ball, location: 2F 1-2: Fly out, F8 (Flyball, 78M, EV 98.1 MPH)
|
Batting: RHB Fernando Membreno
|
0-0: Called Strike 0-1: Swinging Strike 0-2: Ball 1-2: Ground out 6-3 (Groundball, 6, EV 81.2 MPH)
|
Top of the 4th over - 0 runs, 0 hits, 0 errors, 0 left on base; Pennsylvania State University 3 - University of Michigan 0 |
BOTTOM OF THE 4TH |
University of Michigan Wolverines batting - Pitching for Pennsylvania State University Nittany Lions : RHP David Kalinsky
|
Batting: RHB Jason Rhodes
|
0-0: Called Strike 0-1: Reached on error, E2 (Groundball, 2R, EV 43.8 MPH)
|
Batting: RHB Jamie Broadhurst
|
0-0: Ball 1-0: Ball 2-0: Foul Ball, location: 2F 2-1: Called Strike 2-2: SINGLE (Flyball, 89S, EV 97.5 MPH) Jason Rhodes to third
|
Batting: RHB Edwin Nunez
|
0-0: Called Strike 0-1: Ball 1-1: Foul Ball, location: 2F 1-2: Ball Wild Pitch! Jason Rhodes scores Jamie Broadhurst to second 2-2: Ball 3-2: Strikes out swinging
|
Batting: RHB Franklin Ortega
|
0-0: Ground out 6-3 (Groundball, 6, EV 108.8 MPH)
|
Batting: LHB Joel Sandoval
|
0-0: Ball 1-0: Called Strike 1-1: Ball 2-1: Foul Ball, location: 2F 2-2: Strikes out swinging
|
Bottom of the 4th over - 1 run, 1 hit, 1 error, 1 left on base; Pennsylvania State University 3 - University of Michigan 1 |
TOP OF THE 5TH |
Pennsylvania State University Nittany Lions batting - Pitching for University of Michigan Wolverines : RHP Danny Arroyo
|
Batting: LHB Elijah Mallandain
|
0-0: Foul Ball, location: 2F 0-1: Called Strike 0-2: Ball 1-2: SINGLE (Groundball, 4MD, EV 101.9 MPH)
|
Batting: RHB Jesse Sargent
|
0-0: Ball 1-0: SINGLE (Flyball, 8LS, EV 92.5 MPH) Elijah Mallandain to second Runner from 2nd tries for 3rd, SAFE, no throw by CF
|
Batting: RHB John Hopkins
|
0-0: Ball 1-0: DOUBLE (Line Drive, 7LM, EV 109.4 MPH) Elijah Mallandain scores Jesse Sargent to third Runner from 3rd tries for Home, SAFE, no throw by LF
|
Pitching: RHP Willie Berumen
|
|
Batting: RHB Craig Alvarado
|
0-0: Ball 1-0: DOUBLE (Flyball, 8LXD, EV 110.0 MPH) John Hopkins scores
|
Batting: RHB Kaoru Hamada
|
0-0: Ball 1-0: Hit by Pitch
|
Batting: SHB Glenn Harrison
|
0-0: Ball 1-0: Ball 2-0: Called Strike 2-1: Foul Ball, location: 2F 2-2: Fly out, F7 (Flyball, 7, EV 94.4 MPH)
|
Batting: RHB Franklin van den Berg
|
0-0: Ball 1-0: Fly out, F7 (Flyball, 78S, EV 88.8 MPH)
|
Batting: RHB Mike Smith
|
0-0: Ball 1-0: Called Strike 1-1: Foul Ball, location: 2F 1-2: Foul Ball, location: 2F 1-2: Strikes out swinging
|
Top of the 5th over - 3 runs, 4 hits, 0 errors, 2 left on base; Pennsylvania State University 6 - University of Michigan 1 |
BOTTOM OF THE 5TH |
University of Michigan Wolverines batting - Pitching for Pennsylvania State University Nittany Lions : RHP David Kalinsky
|
Batting: LHB Gabe Morales
|
0-0: Foul Ball, location: 2F 0-1: Foul Ball, location: 2F 0-2: Foul Ball, location: 2F 0-2: Foul Ball, location: 2F 0-2: Ball 1-2: Fly out, F4 (Popup, 34, EV 74.4 MPH)
|
Batting: RHB Esteban Rangel
|
0-0: Called Strike 0-1: Foul Ball, location: 2F 0-2: Ball 1-2: Ball 2-2: Fly out, F7 (Flyball, 78S, EV 78.8 MPH)
|
Batting: RHB Wei-fang Ping
|
0-0: Ball 1-0: Ball 2-0: Swinging Strike 2-1: Ball 3-1: Base on Balls
|
Batting: RHB Glen Limeburner
|
0-0: Swinging Strike 0-1: Called Strike 0-2: Ground out U3 (Groundball, 34, EV 85.0 MPH)
|
Bottom of the 5th over - 0 runs, 0 hits, 0 errors, 1 left on base; Pennsylvania State University 6 - University of Michigan 1 |
TOP OF THE 6TH |
Pennsylvania State University Nittany Lions batting - Pitching for University of Michigan Wolverines : RHP Willie Berumen
|
Batting: RHB Fernando Membreno
|
0-0: Ball 1-0: Fly out, F8 (Flyball, 8LS, EV 93.1 MPH)
|
Batting: LHB Elijah Mallandain
|
0-0: Called Strike 0-1: Fly out, F8 (Flyball, 8RD, EV 106.2 MPH)
|
Batting: RHB Jesse Sargent
|
0-0: Foul Ball, location: 2F 0-1: Ball 1-1: Swinging Strike 1-2: Ball 2-2: Fly out, F8 (Flyball, 8RD, EV 90.6 MPH)
|
Top of the 6th over - 0 runs, 0 hits, 0 errors, 0 left on base; Pennsylvania State University 6 - University of Michigan 1 |
BOTTOM OF THE 6TH |
University of Michigan Wolverines batting - Pitching for Pennsylvania State University Nittany Lions : RHP David Kalinsky
|
Batting: RHB Jason Rhodes
|
0-0: Ground out 5-3 (Groundball, 5, EV 107.5 MPH)
|
Batting: RHB Jamie Broadhurst
|
0-0: Ball 1-0: Ball 2-0: Ball 3-0: Called Strike 3-1: Ground out 4-3 (Groundball, 4S, EV 90.6 MPH)
|
Batting: RHB Edwin Nunez
|
0-0: Ball 1-0: Called Strike 1-1: Fly out, F9 (Flyball, 89M, EV 81.9 MPH)
|
Bottom of the 6th over - 0 runs, 0 hits, 0 errors, 0 left on base; Pennsylvania State University 6 - University of Michigan 1 |
TOP OF THE 7TH |
Pennsylvania State University Nittany Lions batting - Pitching for University of Michigan Wolverines : RHP Willie Berumen
|
Batting: RHB John Hopkins
|
0-0: Swinging Strike 0-1: Ball 1-1: Ball 2-1: Fly out, F7 (Flyball, 78S, EV 84.4 MPH)
|
Pitching: RHP Mike Echegoyen
|
|
Batting: RHB Craig Alvarado
|
0-0: Ball 1-0: Ground out U3 (Groundball, 3, EV 87.5 MPH)
|
Batting: RHB Kaoru Hamada
|
0-0: SOLO HOME RUN (Flyball, 7D, EV 98.1 MPH), Distance : 386 ft
|
Batting: SHB Glenn Harrison
|
0-0: Called Strike 0-1: Foul Ball, location: 2F 0-2: Strikes out looking
|
Top of the 7th over - 1 run, 1 hit, 0 errors, 0 left on base; Pennsylvania State University 7 - University of Michigan 1 |
BOTTOM OF THE 7TH |
University of Michigan Wolverines batting - Pitching for Pennsylvania State University Nittany Lions : RHP David Kalinsky
|
Pitching: LHP Frank Hopkins
|
|
Batting: RHB Franklin Ortega
|
0-0: Ball 1-0: Ball 2-0: Foul Ball, location: 2F 2-1: Ball 3-1: Fly out, F8 (Flyball, 8LM, EV 88.1 MPH)
|
Batting: LHB Joel Sandoval
|
0-0: Ball 1-0: Ground out 6-3 (Groundball, 6, EV 106.9 MPH)
|
Batting: LHB Gabe Morales
|
0-0: Ball 1-0: Foul Ball, location: 2F 1-1: Foul Ball, location: 2F 1-2: Fly out, F8 (Line Drive, 78M, EV 104.4 MPH)
|
Bottom of the 7th over - 0 runs, 0 hits, 0 errors, 0 left on base; Pennsylvania State University 7 - University of Michigan 1 |
TOP OF THE 8TH |
Pennsylvania State University Nittany Lions batting - Pitching for University of Michigan Wolverines : RHP Mike Echegoyen
|
Batting: RHB Franklin van den Berg
|
0-0: Called Strike 0-1: Ground out 4-3 (Groundball, 4, EV 79.4 MPH)
|
Batting: RHB Mike Smith
|
0-0: Ball 1-0: Ball 2-0: SINGLE (Groundball, 6MS, EV 62.5 MPH) (infield hit)
|
Batting: RHB Fernando Membreno
|
0-0: Ball 1-0: Called Strike 1-1: Fielders Choice at 2nd, 6-4 (Groundball, 6, EV 86.2 MPH)
|
Batting: LHB Elijah Mallandain
|
0-0: Ball 1-0: Ball 2-0: Called Strike 2-1: Fly out, F7 (Flyball, 7LSF, EV 79.4 MPH)
|
Top of the 8th over - 0 runs, 1 hit, 0 errors, 1 left on base; Pennsylvania State University 7 - University of Michigan 1 |
BOTTOM OF THE 8TH |
University of Michigan Wolverines batting - Pitching for Pennsylvania State University Nittany Lions : LHP Frank Hopkins
|
Batting: RHB Esteban Rangel
|
0-0: Ball 1-0: SINGLE (Flyball, 8RS, EV 94.4 MPH)
|
Batting: RHB Wei-fang Ping
|
0-0: Hit by Pitch Esteban Rangel to second
|
Batting: RHB Glen Limeburner
|
0-0: SINGLE (Line Drive, 6MD, EV 100.0 MPH) Esteban Rangel to third Wei-fang Ping to second Runner from 3rd tries for Home, SAFE, throw by CF to home
|
Batting: RHB Jason Rhodes
|
0-0: Ball 1-0: Ball 2-0: Called Strike 2-1: Ball 3-1: Base on Balls Wei-fang Ping to third Glen Limeburner to second
|
Batting: RHB Jamie Broadhurst
|
0-0: Ball 1-0: Called Strike 1-1: Ball 2-1: Ball 3-1: Foul Ball, location: 2F 3-2: Foul Ball, location: 2F 3-2: Foul Ball, location: 2F 3-2: Fly out, F9 (Flyball, 89XD, EV 109.4 MPH) Runner from 3rd tags up, SCORES, no throw by RF Glen Limeburner to third
|
Pinch Hitting: LHB Adrian Navarro
|
0-0: Ball 1-0: Ball 2-0: Called Strike 2-1: Ball 3-1: Foul Ball, location: 2F 3-2: Strikes out looking
|
Pitching: RHP Jerry Romero
|
|
Batting: RHB Franklin Ortega
|
0-0: Ball 1-0: Foul Ball, location: 2F 1-1: Ground out 5-3 (Groundball, 5S, EV 75.0 MPH)
|
Bottom of the 8th over - 2 runs, 2 hits, 0 errors, 2 left on base; Pennsylvania State University 7 - University of Michigan 3 |
TOP OF THE 9TH |
Pennsylvania State University Nittany Lions batting - Pitching for University of Michigan Wolverines : RHP Mike Echegoyen
|
Pitching: RHP Marc Furr
|
|
Now at SS: Jason Rhodes
|
|
Now in RF: Adrian Navarro
|
|
Pinch Hitting: SHB Oscar Barahona
|
0-0: Called Strike 0-1: Called Strike 0-2: Foul Ball, location: 2F 0-2: Foul Ball, location: 2F 0-2: Ball 1-2: Foul Ball, location: 2F 1-2: Ball 2-2: Foul Ball, location: 2F 2-2: Ball 3-2: Foul Ball, location: 2F 3-2: Strikes out looking
|
Batting: RHB Roberto Medina
|
0-0: Ball 1-0: Ball 2-0: Ball 3-0: Called Strike 3-1: Foul Ball, location: 2F 3-2: Foul Ball, location: 2F 3-2: Strikes out swinging
|
Batting: RHB Craig Alvarado
|
0-0: Called Strike 0-1: Ball 1-1: Fly out, F8 (Line Drive, 8LD, EV 105.0 MPH)
|
Top of the 9th over - 0 runs, 0 hits, 0 errors, 0 left on base; Pennsylvania State University 7 - University of Michigan 3 |
BOTTOM OF THE 9TH |
University of Michigan Wolverines batting - Pitching for Pennsylvania State University Nittany Lions : RHP Jerry Romero
|
Now at 3B: Josh Lane
|
|
Pinch Hitting: RHB Justin Young
|
0-0: Ball 1-0: Foul Ball, location: 2F 1-1: Foul Ball, location: 2F 1-2: Ball 2-2: Foul Ball, location: 2F 2-2: Ball 3-2: SINGLE (Groundball, 6D, EV 103.1 MPH)
|
Pinch Hitting: RHB Dave Guevara
|
0-0: Ball Wild Pitch! Justin Young to second 1-0: Ball 2-0: SINGLE (Flyball, 3D, EV 83.8 MPH) Justin Young to third
|
Batting: RHB Esteban Rangel
|
0-0: Ball 1-0: Swinging Strike 1-1: Grounds into double play, 4-6-3 (Groundball, 13, EV 82.5 MPH) Justin Young scores
|
Batting: RHB Wei-fang Ping
|
0-0: Called Strike 0-1: Ball 1-1: Foul Ball, location: 2F 1-2: Strikes out swinging, 2-3 out at first.
|
Bottom of the 9th over - 1 run, 2 hits, 0 errors, 0 left on base; Pennsylvania State University 7 - University of Michigan 4 |
|